 Dungeon Crawl Stone Soup version 0.21-a0-28-g9a7844a (webtiles) character file.

46 MirrMurr the Twirler (level 3, 0/29 HPs)
             Began as a Demonspawn Gladiator on May 26, 2017.
             Killed by nerve-wracking pain
             ... invoked by Grinder
              (11 damage)
             ... on level 3 of the Dungeon.
             The game lasted 00:04:49 (1800 turns).

MirrMurr the Twirler (Demonspawn Gladiator)         Turns: 1800, Time: 00:04:49

Health: 0/29       AC:  9    Str: 15    XL:     3   Next: 44%
Magic:  3/3        EV:  7    Int:  9    God:
Gold:   136        SH:  0    Dex: 14    Spells: 2/2 levels left

rFire    . . .     SeeInvis .   a - +0 quarterstaff
rCold    . . .     Gourm    .   (shield currently unavailable)
rNeg     . . .     Faith    .   n - +0 chain mail
rPois    .         Spirit   .   c - +0 helmet
rElec    .         Reflect  .   (no cloak)
rCorr    .         Harm     .   (no gloves)
MR       .....                  (no boots)
Stlth    ..........             (no amulet)
Regen    0.1/turn               (no ring)
MPRegen  0.1/turn               (no ring)

@: no status effects
A: powered by death 1, powered by pain 1
a: no special abilities


You were on level 3 of the Dungeon.
You were not hungry.

You visited 1 branch of the dungeon, and saw 3 of its levels.

You collected 136 gold pieces.

Inventory:

Hand Weapons
 a - a +0 quarterstaff (weapon)
Missiles
 d - 3 throwing nets {!f}
 h - 151 stones
 i - 32 sling bullets
 j - 17 poisoned needles
 p - 5 javelins of returning (quivered)
Armour
 c - a +0 helmet (worn)
 n - a +0 chain mail (worn)
Jewellery
 m - a cursed ring of teleportation {unknown}
Scrolls
 b - a scroll of immolation {unknown}
 e - a scroll of enchant weapon {unknown}
 k - a scroll of teleportation
 o - 2 scrolls of blinking
 r - a scroll of remove curse
Potions
 g - a potion of magic {unknown}
 s - 2 potions of curing {unknown}
Comestibles
 f - 2 bread rations
 l - a fruit
 q - a meat ration


   Skills:
 + Level 3.0 Fighting
 * Level 3.4 Staves
 - Level 1.7 Throwing
 - Level 2.6 Dodging


You had 2 spell levels left.
You didn't know any spells.

Dungeon Overview and Level Annotations

Branches:
Dungeon (3/15)

Altars:
Dithmenos

Annotations:
D:3 Grinder


Innate Abilities, Weirdness & Mutations

You regenerate a little health from kills.
You sometimes gain a little power by taking damage.


Message History

Adjust (i)tems, (s)pells, or (a)bilities?
Adjust which item? (? for menu, Esc to quit)
q - a scroll of remove curse Adjust to which letter? (? for menu, Esc to quit)
r - a scroll of remove curse;
q - a meat ration Your magical contamination has completely faded away.
Grinder comes into view.
Grinder shouts!
Grinder gestures at you.
You suddenly lose the ability to move!
You can move again.
Grinder blinks!
Grinder gestures at you. Pain shoots through your body!
Grinder barely misses you.
You barely miss Grinder. Grinder hits you.
You writhe in agony.
Your chain mail prevents you from hitting Grinder.
Grinder gestures at you. Pain shoots through your body!
You die... #################### ...............5@.<# ####################

You could see Grinder.

Vanquished Creatures
  An ooze (D:2)
  A worm (D:2)
  2 leopard geckos (D:2)
  3 goblins
  2 hobgoblins (D:1)
  7 jackals (D:1)
  6 kobolds
  A ball python (D:1)
  3 bats (D:2)
  3 frilled lizards (D:1)
  6 rats
35 creatures vanquished.

Notes
Turn   | Place    | Note
-------+----------+-------------------------------------------
     0 | D:1      | MirrMurr the Demonspawn Gladiator began the quest for the Orb.
     0 | D:1      | Reached XP level 1. HP: 16/16 MP: 1/1
   245 | D:1      | Gained mutation: You regenerate a little health from kills. [demonic ancestry]
   245 | D:1      | Reached XP level 2. HP: 16/23 MP: 2/2
  1014 | D:2      | Found a shadowy altar of Dithmenos.
  1232 | D:2      | Gained mutation: You sometimes gain a little power by taking damage. [demonic ancestry]
  1232 | D:2      | Reached XP level 3. HP: 28/28 MP: 3/3
  1782 | D:3      | Noticed Grinder
  1786 | D:3      | Paralysed by Grinder for 3 turns
  1800 | D:3      | Killed from afar by Grinder

Vault maps used:
D:1:      mainiacjoe_arrival_reflecting_pool
D:2:      nicolae_dithmenos_through_a_glass_darkly
D:3:      lemuel_coloured_pillars_altar, uniq_grinder, uniq_ijyb

Skill      XL: |  1  2  3 |
---------------+----------+-----
Staves         | 3 |  3.4
Fighting       | 3 |  3.0
Throwing       | |  1.7
Dodging        | |  2.6

Action                   || total
-------------------------++-------
Melee: Quarterstaff      ||   109
  Use: Scroll            ||     3
  Eat: Fruit             ||     2
       Chunk             ||     1
Armor: Ring mail         ||    25
       Chain mail        ||    29
Dodge: Dodged            ||    62
